 Dungeon Crawl Stone Soup version 0.18.1-50-g88ac8fd (webtiles) character file.

474979 Chiseanne the Eclecticist (level 23, -10/172 HPs)
             Began as a Centaur Air Elementalist on Oct 5, 2016.
             Was an Elder of Vehumet.
             Shot with a bolt by a yaktaur captain (28 damage)
             ... on level 5 of the Vaults on Oct 6, 2016.
             The game lasted 08:17:57 (115920 turns).

Chiseanne the Eclecticist (CeAE)                  Turns: 115920, Time: 08:17:58

Health: -10/172    AC: 20    Str: 12    XL:     23   Next: 60%
Magic:  19/47      EV: 12    Int: 43    God:    Vehumet [****..]
Gold:   225        SH: 16    Dex: 17    Spells: 14 memorised, 4 levels left

rFire  + + .     SeeInvis +     w - +4 hand crossbow of Riyx {velocity, rPois MR- Str-4 Int+9}
rCold  + + .     Gourm    .     Y - +3 robe of Agoraphobia {MR+ Int+4 Dex+3}
rNeg   . . .     Faith    .     c - +5 shield {reflect}
rPois  +         Spirit   .     r - +0 helmet "Byumaem" {rC+ MR- Int+2 SInv}
rElec  +         Dismiss  .     l - +2 cloak {MR+}
rCorr  +         Reflect  +     A - +2 pair of gloves {rF+}
SustAt .         Harm     .     P - +1 centaur barding
MR     ++...                    i - amulet "Cith" {RegenMP MR+ Dex+4}
Stlth  +.........               t - +5 ring of intelligence
                                e - ring "Bigg" {Wiz +Blink Str+4}

@: resistant, marked, very quick, very resistant to hostile enchantments, very
unstealthy
A: hooves 3, deformed body, speed 2, shaggy fur 1, tough skin 3
a: Renounce Religion, Evoke Blink
}: 2/15 runes: serpentine, barnacled


You were on level 5 of the Vaults.
You worshipped Vehumet.
Vehumet was greatly pleased with you.
You were hungry.

You visited 9 branches of the dungeon, and saw 45 of its levels.
You visited the Abyss 1 time.
You also visited: Volcano and Wizlab.

You collected 26766 gold pieces.
You spent 13658 gold pieces at shops.
You paid 12734 gold pieces to Gozag.

Inventory:

Hand Weapons
 a - a +9 scimitar of protection
 d - the +1 war axe of Nonubuk {chop, *Corrode rF+++ rN+++}
   (You took it off a deep elf sorcerer on level 3 of the Elven Halls)

   It inflicts extra damage upon your enemies.
   It renders you almost immune to fire.
   It renders you almost immune to negative energy.
   It may corrode you when you take damage.
 s - the +10 eveningstar of Zuyrotic {freeze, rElec MP+9}
   (You took it off a merfolk on level 4 of the Shoals)

   It has been specially enchanted to freeze those struck by it, causing extra
   injury to most foes and up to half again as much damage against particularly
   susceptible opponents.
   It can also slow down cold-blooded creatures.
   It insulates you from electricity.
   It affects your magic capacity (+9).
 w - the +4 hand crossbow of Riyx (weapon) {velocity, rPois MR- Str-4 Int+9}
   (You bought it in a shop on level 15 of the Dungeon)

   Any bolt fired from it inflicts extra damage.
   It affects your strength (-4).
   It affects your intelligence (+9).
   It protects you from poison.
   It affects your resistance to hostile enchantments.
Missiles
 b - 735 bolts (quivered)
Armour
 c - a +5 shield of reflection (worn)
 l - a +2 cloak of magic resistance (worn)
 r - the +0 helmet "Byumaem" (worn) {rC+ MR- Int+2 SInv}
   (You found it on level 3 of the Elven Halls)

   It affects your intelligence (+2).
   It protects you from cold.
   It affects your resistance to hostile enchantments.
   It lets you see invisible.
 A - a +2 pair of gloves of fire resistance (worn)
 P - a +1 centaur barding (worn)
 Y - the +3 robe of Agoraphobia (worn) {MR+ Int+4 Dex+3}
   (You bought it in a shop on level 10 of the Dungeon)

   It affects your intelligence (+4).
   It affects your dexterity (+3).
   It affects your resistance to hostile enchantments.
Rods
 T - a +6 rod of ignition (11/11)
   (You found it on level 2 of the Vaults)
Jewellery
 e - the ring "Bigg" (left hand) {Wiz +Blink Str+4}
   (You bought it in a shop on level 2 of the Lair of Beasts)

   [ring of wizardry]

   It improves your spell success rate.
   It affects your strength (+4).
   It lets you blink.
 i - the amulet "Cith" (around neck) {RegenMP MR+ Dex+4}
   (You bought it in a shop on level 3 of the Elven Halls)

   [amulet of magic regeneration]

   It increases your magic regeneration.
   It affects your dexterity (+4).
   It affects your resistance to hostile enchantments.
 t - a +5 ring of intelligence (right hand)
 v - the ring of Wonder {rPois rN+ Dex+6 Slay-2}
   (You found it on level 9 of the Dungeon)

   [ring of poison resistance]

   It affects your dexterity (+6).
   It affects your accuracy and damage with ranged weapons and melee attacks
   (-2).
   It protects you from poison.
   It protects you from negative energy.
 E - the ring "Jeuzuis" {Dex+5 SInv Stlth-}
   (You took it off a yaktaur on level 3 of the Depths)

   [ring of see invisible]

   It affects your dexterity (+5).
   It lets you see invisible.
   It makes you less stealthy.
 M - a +5 amulet of reflection
Wands
 f - a wand of disintegration (5/24)
 n - a wand of digging (1/24)
 K - a wand of teleportation (3/9)
Scrolls
 o - 5 scrolls of blinking
 u - 4 scrolls of magic mapping
 z - 11 scrolls of remove curse
 F - a scroll of holy word
 H - 10 scrolls of fog
 N - 4 scrolls of immolation
 Q - 10 scrolls of identify
Potions
 g - 2 potions of berserk rage
 h - 14 potions of curing
 k - a potion of magic
 p - 3 potions of heal wounds
 x - a potion of haste
 B - 5 potions of resistance
 D - 2 potions of ambrosia
 G - 10 potions of flight
 I - a potion of invisibility
 J - a potion of might
Books
 R - a book of Frost

   Spells                             Type                      Level
   a - Freeze                         Ice                          1
   b - Throw Frost                    Conjuration/Ice              2
   c - Ozocubu's Armour               Charms/Ice                   3
   d - Throw Icicle                   Conjuration/Ice              4
   e - Summon Ice Beast               Ice/Summoning                4
Miscellaneous
 q - a box of beasts
 y - a box of beasts {used: 3}
 V - a phial of floods
Comestibles
 j - 3 fruits
 m - 6 meat rations
 C - 6 bread rations
 L - 4 chunks of flesh
 O - a beef jerky
 S - a slice of pizza


   Skills:
 - Level 7.6 Fighting
 - Level 12.0 Crossbows
 - Level 6.1 Dodging
 - Level 1.2 Stealth
 - Level 9.0 Shields
 * Level 20.6 Spellcasting
 * Level 17.0 Conjurations
 - Level 5.0 Translocations
 - Level 6.1 Fire Magic
 * Level 16.2 Ice Magic
 - Level 6.3 Air Magic


You had 4 spell levels left.
You knew the following spells:

 Your Spells              Type           Power        Failure   Level  Hunger
a - Force Lance           Conj/Tloc      #######.     1%          4    None
b - Bolt of Fire          Conj/Fire      #######...   1%          6    None
c - Glaciate              Conj/Ice       ########..   5%          9    ###....
d - Bolt of Cold          Conj/Ice       ########..   1%          6    None
e - Freezing Cloud        Conj/Ice/Air   ########..   1%          6    None
f - Mephitic Cloud        Conj/Pois/Air  #######.     1%          3    None
g - Inner Flame           Hex/Fire       ######..     1%          3    None
h - Static Discharge      Conj/Air       #######.     0%          3    None
i - Passage of Golubria   Tloc           N/A          1%          4    None
j - Blink                 Tloc           N/A          1%          2    None
k - Repel Missiles        Chrm/Air       ######       1%          2    None
l - Apportation           Tloc           ######....   1%          1    None
m - Orb of Destruction    Conj           ########..   1%          7    None
n - Ozocubu's Armour      Chrm/Ice       #######.     1%          3    None


Dungeon Overview and Level Annotations

Branches:
Dungeon (15/15)            Temple (1/1) D:7            Lair (8/8) D:11
 Shoals (4/4) Lair:4        Snake (4/4) Lair:6        Slime (0/6) Lair:6
    Orc (2/2) D:11            Elf (3/3) Orc:2        Vaults (5/5) D:14
  Crypt (0/3) Vaults:3     Depths (3/5) D:15

Altars:
Ashenzari
Cheibriados
Dithmenos
Elyvilon
Fedhas
Gozag
Kikubaaqudgha
Makhleb
Nemelex Xobeh
Okawaru
Pakellas
Qazlal
Ru
Sif Muna
Trog
Vehumet
Xom
Yredelemnul
Zin
The Shining One

Shops:
D:6 !   D:10 [   D:13 (}   D:15 ([::   Orc:2 }(   Elf:1 [[?!   Elf:3 *[=
Lair:2 =   Lair:4 [   Lair:6 (   Lair:7 [   Shoals:2 *   Snake:1 *   Vaults:1 :
Vaults:3 (   Vaults:4 *

Portals:
Hell: Depths:1 Depths:2 Depths:3
Abyss: Depths:3
Pandemonium: Orc:2 Depths:2 Depths:3
Ziggurat: Depths:1

Annotations:
D:4 HopefulHyena's ghost, amateur TrFi
D:6 1 runed door
Shoals:3 exclusion: downstairs
Elf:2 5 runed doors


Innate Abilities, Weirdness & Mutations

You have hooves in place of feet.
Armour fits poorly on your strangely shaped body.
You cover ground very quickly.
You have extremely tough skin (AC +3).
You are covered in fur (AC +1).


Message History

The fiery explosion engulfs you! You resist.
* * * LOW HITPOINT WARNING * * *
Vehumet accepts your kill.
You feel your power returning.
You are engulfed in roaring flames.
You resist.
* * * LOW HITPOINT WARNING * * *
The shadow dragon is engulfed in roaring flames.
The vault warden activates a sealing rune.
The ironheart preserver is engulfed in roaring flames.
You block the shadow dragon's attack. The shadow dragon claws you.
* * * LOW HITPOINT WARNING * * *
The shadow dragon closely misses you.
The vault warden unwields an uncursed great sword of venom.
It stops dripping with poison.
The vault warden wields a glowing arbalest.
It bursts into flame!
The vault warden shoots a bolt.
You reflect the bolt off your +5 shield of reflection!
The bolt hits the vault warden!!
The bolt burns the vault warden.
The yaktaur captain wields an arbalest.
The yaktaur captain shoots a bolt.
The bolt hits you!!
You die...

.#.# #....# p#
. .#.#..§.§#§.#
#} .#.#§§§%#§§.
#. oT§§§§§§§§.
###o#o§§§§§§§##
....§§§§§§§§§§.
...o§§§p§§§§§..
...%o§§@§§§§§§c
%.%.§§§D§§§§...
#####§§§§§§§%##
.W%%§§§§..Q.
...§#§§§§#p#.
##§.##.§§.# ..
##§ #.p%§# p #.
#....#


You could see a shadow dragon (berserk), an ironheart preserver, a vault warden,
a tengu reaver, a yaktaur captain, an orc knight, a deep troll, 2 vault
sentinels, a phantasmal warrior, an ironbrand convoker, an orc warrior, an orc
wizard and 2 orcs.

Vanquished Creatures
  Frederick (Depths:1)
  the Enchantress (Depths:1)
  A golden dragon (Vaults:4)
  Nikola (Depths:1)
  Xtahua (Vaults:3)
  2 tentacled monstrosities
  Jorgrun (Elf:3)
  Rupert (Depths:1)
  2 liches
  2 deep elf blademasters (Elf:3)
  Frances (Depths:1)
  4 sphinxes
  3 tengu reavers
  4 greater nagas (Snake:4)
  Ilsuiw (Shoals:4)
  5 fire giants
  Wiglaf (Depths:1)
  7 vault wardens
  4 frost giants
  A balrug (Depths:1)
  An orc warlord (Elf:1)
  13 deep elf sorcerers
  Aizul (Snake:4)
  6 deep elf elementalists
  An angel (Depths:2)
  3 spriggan defenders (Depths:1)
  A ghoul (Vaults:3)
  4 very ugly things
  14 ironheart preservers
  Nessos (Orc:2)
  18 stone giants
  6 deep elf demonologists
  A vampire knight (Depths:3)
  8 deep elf annihilators (Elf:3)
  A spark wasp (Depths:2)
  A green death (Depths:2)
  5 deep elf death magi
  6 ettins
  11 merfolk impalers (Shoals:4)
  4 merfolk javelineers (Shoals:4)
  11 fire dragons
  5 great orbs of eyes
  11 ogre magi
  26 vault guards
  8 yaktaur captains
  An entropy weaver (Depths:3)
  6 deep elf high priests
  A rakshasa (Depths:1)
  11 naga warriors
  9 hydras
  9 ice dragons
  2 catoblepae
  7 centaur warriors
  6 spriggan air magi
  A ghost crab (shapeshifter) (Vaults:1)
  4 merfolk avatars
  5 anacondas
  3 alligator snapping turtles
  Erica (D:12)
  3 satyrs
  7 merfolk aquamancers (Shoals:4)
  6 death knights
  5 deep troll shamans
  12 death yaks
  5 vampire magi
  3 tengu warriors
  10 deep troll earth magi
  6 naga sharpshooters
  7 orc high priests
  A thrashing horror (Abyss:2)
  5 spriggan berserkers
  The ghost of feelmyfire the Basher, a novice GrFi of Okawaru (D:12)
  A soul eater (Depths:2)
  5 sun demons
  2 shock serpents
  Sonja (Orc:2)
  25 deep elf knights
  2 shadow wraiths
  Nergalle (D:10)
  A salamander mystic (Snake:3)
  10 skeletal warriors
  4 fire crabs
  An infernal demonspawn (Orc:2)
  7 sea snakes
  3 unseen horrors (Vaults:1)
  17 deep elf archers
  2 giant orange brains
  5 flayed ghosts
  An orange crystal statue (D:11)
  A torturous demonspawn (Orc:2)
  3 naga ritualists
  5 hill giants
  2 shadow demons (Elf:3)
  20 deep trolls
  2 lindwurms
  10 ironbrand convokers
  13 harpies
  42 ugly things
  6 mana vipers
  68 deep elf magi
  4 necromancers
  6 wizards
  2 fauns (Shoals:3)
  20 orc knights
  17 griffons
  7 salamanders
  A mana viper (shapeshifter) (Depths:2)
  5 wolf spiders
  12 orc sorcerers
  A sixfirhy (Abyss:2)
  6 cyclopes
  2 hornets (Vaults:4)
  12 elephants
  A toenail golem (Volcano)
  8 manticores
  A guardian serpent (shapeshifter) (Vaults:1)
  47 black mambas
  Joseph (D:10)
  5 water nymphs
  A smoke demon (Orc:2)
  An orange demon (Orc:2)
  A rust devil (Orc:2)
  10 sirens
  An eye of devastation (shapeshifter) (Depths:2)
  12 naga magi
  A gargoyle (Volcano)
  4 guardian serpents
  2 molten gargoyles (Volcano)
  13 vault sentinels
  A human zombie (Vaults:3)
  6 centaur skeletons
  2 kobold demonologists (Elf:3)
  29 spiny frogs
  16 komodo dragons
  29 yaktaurs
  7 freezing wraiths
  2 rime drakes
  An efreet (D:15)
  A hellwing (Depths:2)
  A troll (shapeshifter) (Elf:3)
  A red devil (Depths:2)
  6 tengu conjurers
  28 merfolk
  A jumping spider (Vaults:4)
  17 two-headed ogres
  A giant leech (Lair:8)
  7 wind drakes
  12 trolls
  6 boulder beetles
  18 slime creatures
  34 blink frogs
  2 human simulacra (Vaults:3)
  10 snapping turtles
  4 air elementals
  Sigmund (D:3)
  A redback (shapeshifter) (Depths:3)
  4 wraiths
  A yak (shapeshifter) (D:13)
  19 water elementals
  2 wyverns (D:11)
  3 spriggans
  73 yaks
  4 redbacks
  2 shadows (D:14)
  15 fire elementals
  A human (D:8)
  2 chaos spawn (Abyss:2)
  6 fire bats
  A golden eye (Abyss:2)
  A basilisk (shapeshifter) (Depths:2)
  2 neqoxecs (Orc:2)
  9 hippogriffs
  5 hungry ghosts
  31 vampire mosquitoes
  A basilisk (Lair:8)
  A deep troll zombie (Vaults:3)
  6 mottled dragons
  39 nagas
  13 wargs
  A water moccasin (shapeshifter) (Depths:3)
  A giant eyeball (Depths:3)
  23 water moccasins
  7 porcupines
  5 ice beasts
  2 small abominations (Abyss:2)
  A giant eyeball (shapeshifter) (Elf:3)
  3 eyes of draining
  2 wasps
  64 orc warriors
  5 phantoms
  3 sky beasts
  4 boggarts
  57 ogres
  A tengu (shapeshifter) (Vaults:1)
  20 wolves
  21 crocodiles
  29 centaurs
  5 big kobolds
  38 giant frogs
  An earth elemental (Elf:2)
  A human skeleton (Vaults:3)
  A wyvern zombie (D:13)
  4 scorpions
  5 wights (D:15)
  21 killer bees
  5 electric eels (Lair:8)
  7 centaur zombies
  5 crimson imps
  6 howler monkeys
  2 wasp zombies (D:9)
  2 giant frog zombies
  A quasit (D:6)
  6 jellies
  A gnoll shaman (D:4)
  26 orc priests
  3 giant frog skeletons
  7 hounds
  An iron imp (Abyss:2)
  6 iguanas
  21 orc wizards
  11 worker ants
  35 sheep
  4 hound zombies
  A hound skeleton (D:5)
  2 howler monkey zombies
  Robin (D:4)
  5 gnolls
  12 adders
  65 river rats
  5 shadow imps
  An ooze (D:5)
  2 adder skeletons
  2 dart slugs
  5 giant geckos
  113 orcs
  A ball python (Lair:6)
  8 bats
  9 giant cockroaches
  15 goblins
  15 hobgoblins
  18 jackals
  2 quokkas
  2 giant newts
  35 kobolds
  A quokka skeleton (D:6)
  3 rats
  2 blocks of ice (Vaults:5)
  5 bushes
  A butterfly (D:6)
  A fungus (Lair:7)
  28 plants
2131 creatures vanquished.

Vanquished Creatures (collateral kills)
  The ghost of daning the Fencer, an adept HESk of Okawaru (Shoals:2)
  An ogre mage (Depths:3)
  A sea snake (Shoals:4)
  A hill giant (D:10)
  A gargoyle (D:10)
  4 merfolk (Shoals:4)
  A hungry ghost (D:11)
  A giant frog (D:10)
11 creatures vanquished.

Vanquished Creatures (others)
  A fire giant (Depths:3)
  A vault warden (Vaults:3)
  A stone giant (Depths:1)
  A merfolk javelineer (Shoals:4)
  3 yaktaur captains
  3 centaur warriors
  29 dancing weapons
  A satyr (Shoals:4)
  2 deep elf knights
  3 deep elf archers
  2 deep elf magi (Elf:3)
  2 fauns (Shoals:3)
  2 cyclopes
  3 yaktaurs
  A merfolk (Shoals:4)
  An air elemental (Elf:2)
  A yak (Lair:6)
  A ynoxinul (Orc:2)
  A naga (D:11)
  A water moccasin (Lair:6)
  A sky beast (D:15)
  3 centaurs
  A crocodile (Lair:6)
  2 adders (Lair:6)
  2 orcs
  A hobgoblin (D:2)
  2 kobolds
  A quokka (D:2)
  19 blocks of ice (Vaults:4)
  6 bushes
  2 fire vortices
  53 fungi
  135 plants
  2 starspawn tentacles (Abyss:2)
290 creatures vanquished.

Grand Total: 2432 creatures vanquished

Notes
Turn   | Place    | Note
--------------------------------------------------------------
     0 | D:1      | Chiseanne the Centaur Air Elementalist began the quest for the Orb.
     0 | D:1      | Reached XP level 1. HP: 14/14 MP: 3/3
   194 | D:1      | Reached skill level 1 in Conjurations
   234 | D:1      | Found an iron altar of Okawaru.
   513 | D:1      | Reached XP level 2. HP: 16/20 MP: 4/4
  1445 | D:2      | Found a white marble altar of Elyvilon.
  1756 | D:2      | Found a shattered altar of Ashenzari.
  1808 | D:2      | Found a faded altar to an unknown god.
  1813 | D:2      | Reached XP level 3. HP: 26/26 MP: 0/5
  1913 | D:2      | Reached skill level 2 in Spellcasting
  2188 | D:2      | Found a stormy altar of Qazlal.
  2815 | D:3      | Noticed Sigmund
  3090 | D:3      | Reached XP level 4. HP: 33/33 MP: 2/7
  3141 | D:3      | Learned a level 3 spell: Static Discharge
  3144 | D:3      | Learned a level 2 spell: Repel Missiles
  3398 | D:3      | Found a radiant altar of Vehumet.
  3868 | D:4      | Noticed an ogre
  4071 | D:3      | Killed Sigmund
  4071 | D:3      | Reached skill level 3 in Spellcasting
  4071 | D:3      | Reached XP level 5. HP: 23/38 MP: 1/9
  4394 | D:4      | Noticed a phantom
  4763 | D:3      | Reached XP level 6. HP: 36/45 MP: 1/10
  5202 | D:4      | Noticed HopefulHyena's ghost (amateur TrFi)
  5451 | D:4      | Noticed Robin
  5471 | D:4      | Killed Robin
  5474 | D:4      | Reached XP level 7. HP: 32/50 MP: 0/12
  5753 | D:4      | Found a basalt altar of Yredelemnul.
  5761 | D:4      | Reached skill level 5 in Air Magic
  6030 | D:4      | Found a blossoming altar of Fedhas.
  6108 | D:4      | Reached skill level 4 in Spellcasting
  6702 | D:5      | Entered Level 5 of the Dungeon
  6873 | D:5      | Reached XP level 8. HP: 19/57 MP: 6/14
  7216 | D:5      | Reached skill level 5 in Conjurations
  7637 | D:5      | Found a shadowy altar of Dithmenos.
  8136 | D:5      | Found a sparkling altar of Nemelex Xobeh.
  8137 | D:5      | Found an opulent altar of Gozag.
  8223 | D:5      | Became a worshipper of Gozag Ym Sagoz the Greedy
  8481 | D:6      | Reached skill level 5 in Spellcasting
  8654 | D:6      | Found a burning altar of Makhleb.
  8934 | D:6      | Found Wiesiot's Distillery.
  8937 | D:6      | Bought a potion of curing for 42 gold pieces
  8937 | D:6      | Bought a potion of degeneration for 14 gold pieces
  8937 | D:6      | Bought a potion of mutation for 35 gold pieces
  8937 | D:6      | Bought a potion of haste for 140 gold pieces
  9407 | D:6      | Found an oddly glowing altar of Pakellas.
  9468 | D:6      | Found a runed door.
  9484 | D:6      | Found a runed door.
  9495 | D:6      | Reached XP level 9. HP: 61/62 MP: 4/17
  9495 | D:6      | Reached skill level 6 in Spellcasting
  9706 | D:6      | Bought a potion of agility for 56 gold pieces
  9706 | D:6      | Bought a potion of flight for 42 gold pieces
  9706 | D:6      | Bought a potion of lignification for 42 gold pieces
 10068 | D:7      | Got a crude leather armour
 10083 | D:7      | Identified the +1 leather armour of the Wumpus {MP+9 Dex+2} (You found it on level 7 of the Dungeon)
 10190 | D:7      | Reached skill level 7 in Spellcasting
 10395 | D:7      | Found a glowing silver altar of Zin.
 10407 | D:7      | Found a staircase to the Ecumenical Temple.
 10469 | Temple   | Entered the Ecumenical Temple
 11096 | D:6      | Bought a potion of curing for 42 gold pieces
 11096 | D:6      | Bought a potion of curing for 42 gold pieces
 11096 | D:6      | Bought a potion of resistance for 140 gold pieces
 11422 | D:8      | Reached skill level 8 in Spellcasting
 11921 | D:8      | Found a sacrificial altar of Ru.
 12602 | D:6      | Bought a potion of cancellation for 112 gold pieces
 12604 | D:6      | Gained mutation: You possess an exceptional clarity of mind. [potion of beneficial mutation]
 12691 | D:9      | Noticed a troll
 12713 | D:9      | Killed a troll
 12713 | D:9      | Reached XP level 10. HP: 49/69 MP: 22/22
 12735 | D:9      | Reached skill level 9 in Spellcasting
 12984 | D:9      | Learned a level 4 spell: Force Lance
 13074 | D:9      | Found an ancient bone altar of Kikubaaqudgha.
 13214 | D:9      | Reached skill level 1 in Fighting
 13712 | D:9      | Noticed a cyan ugly thing
 13777 | D:9      | Got a scorched brass ring
 13875 | D:9      | Noticed a hill giant
 14108 | D:9      | Identified the ring of Wonder {rPois rN+ Dex+6 Slay-2} (You found it on level 9 of the Dungeon)
 14653 | D:9      | Killed a hill giant
 14981 | D:10     | Entered Level 10 of the Dungeon
 14989 | D:10     | Noticed a gargoyle
 15134 | D:9      | Killed a cyan ugly thing
 15983 | D:10     | Noticed Erica
 16379 | D:10     | Noticed Nergalle
 16391 | D:10     | Killed Nergalle
 16391 | D:10     | Reached XP level 11. HP: 76/85 MP: 12/24
 16681 | D:10     | Noticed Joseph
 16704 | D:10     | Killed Joseph
 16704 | D:10     | Reached skill level 5 in Fighting
 16975 | D:10     | Noticed a hill giant
 17005 | D:10     | Killed a hill giant
 17239 | D:10     | Reached skill level 10 in Spellcasting
 17415 | D:11     | Noticed a five-headed hydra
 17418 | D:11     | Drew Focus: Int increased to 18, Dex decreased to 9
 17419 | D:11     | Hired Papan the naga for 149 gold.
 17429 | D:11     | Your ally Papan died
 17430 | D:11     | Drew Focus: Int increased to 19, Dex decreased to 8
 17449 | D:11     | Killed a five-headed hydra
 17650 | D:11     | Noticed an orange crystal statue
 17651 | D:11     | Noticed a purple ugly thing
 17931 | D:11     | Found a staircase to the Orcish Mines.
 18083 | D:11     | Noticed a fire dragon
 18769 | D:11     | Reached skill level 5 in Dodging
 18981 | D:11     | Noticed a white ugly thing
 18987 | D:11     | Got a slimy cloak
 19086 | D:11     | Killed a white ugly thing
 19318 | D:11     | Found a staircase to the Lair.
 19890 | D:10     | Bought the +3 robe of Agoraphobia {MR+ Int+4 Dex+3} for 559 gold pieces
 19908 | D:10     | Identified the +3 cloak "Anaepoc" {Dex+4} (You found it on level 11 of the Dungeon)
 20173 | D:12     | Noticed a four-headed hydra
 20254 | D:11     | Killed a four-headed hydra
 20526 | D:12     | Noticed feelmyfire's ghost (novice GrFi)
 20595 | Orc:1    | Entered Level 1 of the Orcish Mines
 20597 | Orc:1    | Noticed an orc knight
 21268 | Lair:1   | Entered Level 1 of the Lair of Beasts
 22042 | Lair:1   | Reached XP level 12. HP: 84/100 MP: 5/26
 22608 | Lair:1   | Reached skill level 1 in Translocations
 23367 | Lair:2   | Reached skill level 11 in Spellcasting
 23453 | Lair:2   | Found a dark tunnel.
 23460 | Volcano  | Entered a volcano
 25126 | Lair:2   | Bought the ring of Cheibriados's Regard {Str+5 Int+2 Stlth+} for 333 gold pieces
 25700 | Lair:2   | Learned a level 5 spell: Lightning Bolt
 27880 | Lair:3   | Learned a level 3 spell: Mephitic Cloud
 27910 | Lair:4   | Reached skill level 5 in Translocations
 28320 | Lair:4   | HP: 6/150 [black mamba (11)]
 28702 | Lair:4   | Found a staircase to the Shoals.
 28715 | Lair:4   | Reached XP level 13. HP: 102/106 MP: 19/28
 30428 | Lair:6   | Bought a faintly glowing morningstar for 324 gold pieces
 30633 | Lair:6   | Reached skill level 12 in Spellcasting
 31505 | Lair:6   | Learned a level 1 spell: Apportation
 32463 | Lair:6   | Found a staircase to the Slime Pits.
 32474 | Lair:6   | Identified the cursed +2 morningstar "Ifess" {freeze, rElec rC+ Str+3} (You bought it in a shop on level 6 of the Lair of Beasts)
 32516 | Lair:6   | Reached skill level 10 in Conjurations
 33284 | Lair:6   | Reached skill level 1 in Shields
 33531 | Lair:6   | Found a staircase to the Snake Pit.
 35612 | Lair:7   | Reached XP level 14. HP: 113/113 MP: 18/30
 36290 | Lair:7   | Reached skill level 5 in Shields
 37369 | Lair:8   | Entered Level 8 of the Lair of Beasts
 38241 | Lair:7   | Bought a +2 shield of reflection for 185 gold pieces
 38393 | Lair:7   | Reached skill level 13 in Spellcasting
 41007 | Lair:8   | Identified Veklodgh's Papyrus of Translocation and Stones
 41459 | Lair:8   | Reached skill level 14 in Spellcasting
 41665 | Lair:8   | Learned a level 5 spell: Bolt of Magma
 41670 | Lair:8   | Learned a level 4 spell: Passage of Golubria
 41974 | Lair:8   | HP: 2/169 [blink frog (11)]
 43419 | Lair:8   | Reached XP level 15. HP: 115/119 MP: 3/33
 46169 | Lair:6   | Bought a pitted hand crossbow for 306 gold pieces
 46169 | Lair:6   | Bought a bloodstained whip for 270 gold pieces
 46170 | Lair:6   | Identified the +1 hand crossbow "Oputre" {velocity, rF+ Str+4 Stlth-} (You bought it in a shop on level 6 of the Lair of Beasts)
 46173 | Lair:6   | Identified the +6 whip "Cunapp" {slash, rF+ MR- Dex+4} (You bought it in a shop on level 6 of the Lair of Beasts)
 46318 | D:11     | Bought a bread ration for 60 gold pieces
 46318 | D:11     | Bought a slice of pizza for 18 gold pieces
 46318 | D:11     | Bought a meat ration for 60 gold pieces
 46318 | D:11     | Bought a meat ration for 60 gold pieces
 46318 | D:11     | Bought a meat ration for 60 gold pieces
 46318 | D:11     | Bought a bread ration for 60 gold pieces
 46318 | D:11     | Bought a meat ration for 60 gold pieces
 46318 | D:11     | Bought a royal jelly for 24 gold pieces
 46318 | D:11     | Bought a beef jerky for 18 gold pieces
 46318 | D:11     | Bought 3 fruits for 54 gold pieces
 46318 | D:11     | Bought 2 fruits for 36 gold pieces
 47214 | Orc:1    | Paralysed by an orc sorcerer for 6 turns
 47737 | Orc:2    | Entered Level 2 of the Orcish Mines
 48119 | Orc:2    | Learned a level 2 spell: Blink
 48127 | Orc:2    | Found a staircase to the Elven Halls.
 48809 | Orc:2    | Noticed Nessos
 48827 | Orc:2    | Killed Nessos
 49035 | Orc:2    | Found Ymurek's Food Emporium.
 49036 | Orc:2    | Found Atzingut's Food Shoppe.
 49507 | Orc:2    | Gained mutation: Scrolls take you a little longer to read. [a neqoxec]
 49520 | Orc:2    | Lost mutation: Scrolls take you a little longer to read. [potion of cure mutation]
 49520 | Orc:2    | Lost mutation: You possess an exceptional clarity of mind. [potion of cure mutation]
 50004 | Orc:2    | Noticed Sonja
 50020 | Orc:2    | Killed Sonja
 51238 | Orc:2    | Bought a royal jelly for 24 gold pieces
 51238 | Orc:2    | Bought a royal jelly for 24 gold pieces
 51238 | Orc:2    | Bought a beef jerky for 18 gold pieces
 51238 | Orc:2    | Bought a slice of pizza for 18 gold pieces
 51240 | Orc:2    | Bought 3 fruits for 63 gold pieces
 51240 | Orc:2    | Bought a beef jerky for 21 gold pieces
 51240 | Orc:2    | Bought a royal jelly for 28 gold pieces
 51240 | Orc:2    | Bought a beef jerky for 21 gold pieces
 52308 | Orc:2    | Reached skill level 15 in Spellcasting
 52746 | Orc:2    | Found Wogiusez's Gadget Boutique.
 52746 | Orc:2    | Found a one-way gate leading to the halls of Pandemonium.
 52746 | Orc:2    | Found Itezuesu's Antique Weapon Shop.
 52786 | Orc:2    | Bought a warped mace for 216 gold pieces
 54095 | D:12     | Killed Erica
 55770 | D:13     | Reached XP level 16. HP: 99/126 MP: 2/35
 56701 | D:13     | Found Uppiuwilee's Gadget Shoppe.
 56705 | D:13     | Bought a wand of teleportation (4/9) for 240 gold pieces
 56705 | D:13     | Bought a wand of digging (5/24) for 180 gold pieces
 56804 | D:13     | Found Rorphuih's Antique Weapon Boutique.
 56828 | D:13     | Found Ymutot's Magic Scroll Shoppe.
 56836 | D:13     | Bought a scroll of identify for 24 gold pieces
 56836 | D:13     | Bought a scroll of identify for 24 gold pieces
 56836 | D:13     | Bought a scroll of identify for 24 gold pieces
 56836 | D:13     | Bought a scroll of identify for 24 gold pieces
 56836 | D:13     | Bought a scroll of identify for 24 gold pieces
 56836 | D:13     | Bought a scroll of teleportation for 36 gold pieces
 56836 | D:13     | Bought a scroll of magic mapping for 42 gold pieces
 56836 | D:13     | Bought a scroll of enchant armour for 90 gold pieces
 56836 | D:13     | Bought a scroll of remove curse for 36 gold pieces
 56836 | D:13     | Bought a scroll of remove curse for 36 gold pieces
 56948 | D:13     | Gained mutation: You are covered in fur (AC +1). [potion of beneficial mutation]
 57423 | D:14     | Found a gate to the Vaults.
 58378 | D:14     | You fall through a shaft!
 58378 | D:15     | Entered Level 15 of the Dungeon
 58937 | D:15     | Reached skill level 16 in Spellcasting
 59684 | D:15     | Found a staircase to the Depths.
 59716 | D:15     | Wingboner: Let randarts generate with... chaos brands.
 59716 | D:15     | Chiseanne: heya
 59716 | D:15     | Wingboner: AAAAAAAAAAAAAAAAAAAAAAAAAAAAAAAAAH
 59716 | D:15     | Chiseanne: no pls :D
 59720 | D:15     | Wingboner: It's pretty awesome.
 59721 | D:15     | Chiseanne: yeah..I just dont like it too much
 59723 | D:15     | Identified the +8 mace of Subterfuge {drain, *Rage Str+6 SInv} (You bought it in a shop on level 2 of the Orcish Mines)
 59734 | D:15     | Wingboner: Especially in extended, where most bad effects are irrelevant.
 59734 | D:15     | Chiseanne: ok yes
 59740 | D:15     | Bought a warped hand crossbow for 195 gold pieces
 59740 | D:15     | Identified the +4 hand crossbow of Riyx {velocity, rPois MR- Str-4 Int+9} (You bought it in a shop on level 15 of the Dungeon)
 59741 | D:15     | Chiseanne: int 9..not bad
 59756 | D:15     | Learned a level 6 spell: Bolt of Cold
 59763 | D:15     | Learned a level 6 spell: Freezing Cloud
 59805 | D:15     | Reached skill level 1 in Ice Magic
 60236 | D:15     | Wingboner: !lm xenobreeder gozag x=int
 60247 | D:15     | beem: 1000. [2016-10-02 16:53:59] [int=61] casual the Farming Annihilator (L27 DsFi of Gozag) left a Ziggurat at level 27 on turn 488275. (Zig:27)
 60247 | D:15     | Chiseanne: ridiculous high amount of int man :D
 60247 | D:15     | Chiseanne: highest Ive ever seen
 60298 | D:15     | Wingboner: !lm xenobreeder max=int x=int
 60300 | D:15     | beem: 29861. [2015-03-30 18:54:17] [int=72] casual the Blinker (L27 OpIE of Cheibriados) reached level 15 of a Ziggurat on turn 90258. (Zig:15)
 60348 | D:15     | Wingboner: That was int cap then.
 60348 | D:15     | Chiseanne: ph theres a cap?
 60490 | D:15     | Wingboner: There is, but it's much higher now.
 60620 | D:15     | Chiseanne: you know where it is?
 60688 | D:15     | Wingboner: I don't remember the exact numbers becaise I haven't reached the new one yet. The old one was 72.
 60833 | D:15     | Chiseanne: well and then again..why would you need more than 72 anyway?
 61319 | D:15     | Chiseanne: ok I need a break ..see you later :)
 61580 | Snake:1  | Entered Level 1 of the Snake Pit
 61607 | Snake:1  | Reached skill level 5 in Ice Magic
 62370 | Snake:1  | Bought 2 potions of magic for 224 gold pieces
 62370 | Snake:1  | Bought a scroll of vulnerability for 105 gold pieces
 62370 | Snake:1  | Bought a slice of pizza for 21 gold pieces
 62370 | Snake:1  | Bought a scroll of identify for 28 gold pieces
 63131 | Snake:1  | Got a steaming short sword {venom}
 63133 | Snake:1  | Identified the +6 short sword of Death {venom, rPois Int+4} (You took it off a naga on level 1 of the Snake Pit)
 65696 | Snake:3  | Reached XP level 17. HP: 133/133 MP: 1/37
 66798 | Snake:3  | Got a steaming emerald amulet
 66802 | Snake:3  | Identified the amulet "Itoblipt" {Faith Str+3} (You took it off a naga mage on level 3 of the Snake Pit)
 66872 | Snake:4  | Entered Level 4 of the Snake Pit
 66872 | Snake:4  | Noticed Aizul
 66949 | Snake:4  | Killed Aizul
 66961 | Snake:4  | Reached skill level 10 in Ice Magic
 69067 | Snake:4  | Got a serpentine rune of Zot
 69219 | Lair:4   | Bought a pair of faintly glowing gloves for 228 gold pieces
 69219 | Lair:4   | Identified the +1 pair of gloves of Ashenzari's Wrath {*Confuse +Inv rCorr Str+6} (You bought it in a shop on level 4 of the Lair of Beasts)
 69247 | Shoals:1 | Entered Level 1 of the Shoals
 69523 | Shoals:1 | Reached skill level 1 in Fire Magic
 70565 | Shoals:2 | Found Besurash's General Store.
 70574 | Shoals:2 | Bought a potion of curing for 42 gold pieces
 70574 | Shoals:2 | Bought a scroll of enchant armour for 105 gold pieces
 70574 | Shoals:2 | Bought a scroll of identify for 28 gold pieces
 70574 | Shoals:2 | Bought 2 potions of curing for 84 gold pieces
 70574 | Shoals:2 | Bought a meat ration for 70 gold pieces
 70902 | Shoals:4 | Entered Level 4 of the Shoals
 71568 | Shoals:4 | Reached skill level 5 in Fire Magic
 72787 | Shoals:2 | Noticed daning's ghost (adept HESk)
 72827 | Shoals:2 | Killed daning's ghost
 73018 | Shoals:3 | Reached XP level 18. HP: 122/139 MP: 23/38
 73286 | Shoals:4 | Noticed Ilsuiw
 74466 | Shoals:4 | Got a jewelled eveningstar {freeze}
 74467 | Shoals:4 | Identified the +10 eveningstar of Zuyrotic {freeze, rElec MP+9} (You took it off a merfolk on level 4 of the Shoals)
 74688 | Shoals:4 | Killed Ilsuiw
 74688 | Shoals:4 | Reached skill level 17 in Spellcasting
 76790 | Shoals:4 | Got a barnacled rune of Zot
 76964 | Lair:4   | Bought a distressingly furry ring mail for 216 gold pieces
 76964 | Lair:4   | Identified the +1 ring mail of the Duke {Regen+ Dex+2} (You bought it in a shop on level 4 of the Lair of Beasts)
 77162 | Orc:2    | Bought a meat ration for 60 gold pieces
 77162 | Orc:2    | Bought a bread ration for 60 gold pieces
 77162 | Orc:2    | Bought a bread ration for 60 gold pieces
 77162 | Orc:2    | Bought a meat ration for 60 gold pieces
 77162 | Orc:2    | Bought a meat ration for 60 gold pieces
 77162 | Orc:2    | Bought a bread ration for 60 gold pieces
 77162 | Orc:2    | Bought a bread ration for 60 gold pieces
 77162 | Orc:2    | Bought a bread ration for 60 gold pieces
 77162 | Orc:2    | Bought a meat ration for 60 gold pieces
 77415 | D:15     | Learned a level 7 spell: Orb of Destruction
 77485 | Vaults:1 | Entered Level 1 of the Vaults
 78014 | Vaults:1 | Got a pitted scale mail
 78015 | Vaults:1 | Identified the +2 scale mail of Focus {rC+} (You found it on level 1 of the Vaults)
 78212 | Vaults:1 | Found Likijyg's Book Boutique.
 79855 | Vaults:1 | Reached skill level 1 in Crossbows
 80409 | Vaults:1 | Reached XP level 19. HP: 142/146 MP: 33/40
 80657 | Vaults:1 | Reached skill level 5 in Crossbows
 82281 | Vaults:2 | Found a glowing silver altar of Zin.
 82569 | Vaults:2 | Paralysed by an ogre mage for 4 turns
 83121 | Vaults:2 | Identified a +4 rod of ignition (9/9) (You found it on level 2 of the Vaults)
 83239 | Vaults:2 | Reached skill level 10 in Crossbows
 85068 | Vaults:3 | Found a magical portal.
 85068 | Vaults:3 | Cast into level 2 of the Abyss (a deep elf sorcerer)
 85322 | Abyss:2  | Found a bloodstained altar of Trog.
 85328 | Abyss:2  | Found a shimmering altar of Xom.
 85329 | Abyss:2  | Found a corrupted altar of Lugonu.
 85404 | Vaults:3 | Escaped the Abyss
 85422 | WizLab   | Entered The Chambers of Virr the Cloud Mage
 85441 | Vaults:3 | Noticed Xtahua
 85767 | D:15     | Learned a level 6 spell: Bolt of Fire
 85810 | Depths:1 | Entered Level 1 of the Depths
 85987 | Depths:1 | Noticed the Enchantress
 86046 | Depths:1 | Killed the Enchantress
 86046 | Depths:1 | Reached skill level 18 in Spellcasting
 86068 | Depths:1 | Paralysed by a great orb of eyes for 2 turns
 87032 | Depths:1 | Got a faerie dragon armour
 87034 | Depths:1 | Identified the +1 faerie dragon armour {rElec rN+ Str+4 Int-5 SInv} (You took it off the Enchantress on level 1 of the Depths)
 87132 | Depths:1 | Noticed Nikola
 87149 | Depths:1 | Killed Nikola
 87149 | Depths:1 | Reached XP level 20. HP: 82/152 MP: 6/42
 87468 | Depths:1 | Noticed Wiglaf
 87468 | Depths:1 | Noticed Rupert
 87486 | Depths:1 | Killed Rupert
 87935 | Depths:1 | Found a gateway to a ziggurat.
 87985 | Depths:1 | Killed Wiglaf
 88549 | Depths:1 | Found a gateway to Hell.
 88763 | Depths:1 | Noticed Frances
 88784 | Depths:1 | Killed Frances
 89258 | Depths:1 | Noticed Frederick
 89272 | Depths:1 | Killed Frederick
 89582 | Depths:1 | Got an encrusted demon blade
 89583 | Depths:1 | Identified the +5 demon blade of a ziggurat {vamp, +Inv rC+ Dex+2} (You found it on level 1 of the Depths)
 90505 | Depths:2 | Identified a scroll of acquirement
 90685 | D:15     | Bought a book of Annihilations for 1987 gold pieces
 90708 | D:15     | Learned a level 9 spell: Glaciate
 93616 | Depths:2 | Found a glowing golden altar of the Shining One.
 94333 | Depths:2 | Reached skill level 19 in Spellcasting
 94834 | Depths:3 | Found a one-way gate to the infinite horrors of the Abyss.
 95687 | Depths:3 | Got a crude iron ring
 95691 | Depths:3 | Got a flickering granite ring
 95704 | Depths:3 | Noticed a caustic shrike
 95708 | Depths:3 | Reached XP level 21. HP: 110/159 MP: 22/44
 97706 | Depths:2 | Noticed an iron giant
 98883 | D:12     | Killed feelmyfire's ghost
 99116 | Orc:2    | Bought a meat ration for 70 gold pieces
 99116 | Orc:2    | Bought a meat ration for 70 gold pieces
 99116 | Orc:2    | Bought a bread ration for 70 gold pieces
 99116 | Orc:2    | Bought a bread ration for 70 gold pieces
 99116 | Orc:2    | Bought a meat ration for 70 gold pieces
 99222 | Elf:1    | Entered Level 1 of the Elven Halls
 99496 | Elf:1    | Gained mutation: Your spells are a little easier to cast, but a little less powerful. [a neqoxec]
 99620 | Elf:1    | Found Qesinwit's Food Shop.
 99628 | Elf:1    | Bought 2 fruits for 33 gold pieces
 99628 | Elf:1    | Bought a beef jerky for 16 gold pieces
 99628 | Elf:1    | Bought a meat ration for 55 gold pieces
 99628 | Elf:1    | Bought a bread ration for 55 gold pieces
 99628 | Elf:1    | Bought a bread ration for 55 gold pieces
 99628 | Elf:1    | Bought a bread ration for 55 gold pieces
 99628 | Elf:1    | Bought a meat ration for 55 gold pieces
 99628 | Elf:1    | Bought a bread ration for 55 gold pieces
 99765 | Elf:1    | Found Pourchuw's Distillery.
 99768 | Elf:1    | Bought a potion of curing for 60 gold pieces
 99768 | Elf:1    | Bought a potion of curing for 60 gold pieces
 99768 | Elf:1    | Bought a potion of curing for 60 gold pieces
 99768 | Elf:1    | Bought a potion of flight for 60 gold pieces
 99768 | Elf:1    | Bought a potion of heal wounds for 100 gold pieces
 99768 | Elf:1    | Bought a potion of cure mutation for 500 gold pieces
 99768 | Elf:1    | Bought a potion of flight for 60 gold pieces
 99768 | Elf:1    | Bought 2 potions of brilliance for 160 gold pieces
 99768 | Elf:1    | Lost mutation: Your spells are a little easier to cast, but a little less powerful. [potion of cure mutation]
 99768 | Elf:1    | Lost mutation: You are covered in fur (AC +1). [potion of cure mutation]
100896 | Elf:1    | Found Ime Lyav's Magic Scroll Shop.
100913 | Elf:1    | Bought a scroll of teleportation for 48 gold pieces
100913 | Elf:1    | Bought a scroll of teleportation for 48 gold pieces
100913 | Elf:1    | Bought a scroll of identify for 32 gold pieces
100913 | Elf:1    | Bought a scroll of identify for 32 gold pieces
100913 | Elf:1    | Bought a scroll of remove curse for 48 gold pieces
100913 | Elf:1    | Bought a scroll of identify for 32 gold pieces
100913 | Elf:1    | Bought a scroll of magic mapping for 56 gold pieces
100913 | Elf:1    | Bought a scroll of magic mapping for 56 gold pieces
100969 | Elf:1    | Found Ipaogrib's Armour Shop.
100972 | Elf:1    | Found Qinnomom's Antique Armour Shop.
100973 | Elf:1    | Bought a +1 helmet of intelligence for 214 gold pieces
100987 | Elf:1    | Identified the ring "Jeuzuis" {Dex+5 SInv Stlth-} (You took it off a yaktaur on level 3 of the Depths)
100989 | Elf:1    | Identified the ring of Toaleij {SustAt Int+2} (You found it on level 3 of the Depths)
102898 | Elf:2    | Found a huge runed gate.
102898 | Elf:2    | Found a huge runed gate.
102898 | Elf:2    | Found a huge runed gate.
102898 | Elf:2    | Found a huge runed gate.
102898 | Elf:2    | Found a huge runed gate.
103250 | Elf:3    | Entered Level 3 of the Elven Halls
103411 | Elf:3    | Found Lufailo's Assorted Antiques.
103417 | Elf:3    | Bought a scroll of fog for 46 gold pieces
103417 | Elf:3    | Bought a scroll of identify for 46 gold pieces
103417 | Elf:3    | Bought a scroll of magic mapping for 80 gold pieces
103417 | Elf:3    | Bought a torn book for 345 gold pieces
103417 | Elf:3    | Identified the Grimoire of the Snowflakes and Ignition (You bought it in a shop on level 3 of the Elven Halls)
103417 | Elf:3    | Bought a twisted jewelled staff for 276 gold pieces
103417 | Elf:3    | Bought a scroll of enchant armour for 172 gold pieces
103423 | Elf:3    | Learned a level 3 spell: Inner Flame
103550 | Elf:3    | Noticed Jorgrun
103556 | Elf:3    | Killed Jorgrun
103556 | Elf:3    | Reached skill level 15 in Conjurations
103866 | Elf:3    | Found a deep blue altar of Sif Muna.
103872 | Elf:3    | Reached XP level 22. HP: 166/166 MP: 15/45
106572 | Elf:3    | Found Odankywo's Antique Armour Shoppe.
106575 | Elf:3    | Bought a dazzling buckler for 389 gold pieces
106575 | Elf:3    | Bought a steaming robe for 233 gold pieces
106576 | Elf:3    | Identified the +1 buckler of Qauguacw {rCorr} (You bought it in a shop on level 3 of the Elven Halls)
106577 | Elf:3    | Identified the +2 robe of Willet {-Cast rF+ Str+3 Int+2} (You bought it in a shop on level 3 of the Elven Halls)
106613 | Elf:3    | Found Sokagucs's Jewellery Shoppe.
106775 | Elf:3    | Reached skill level 20 in Spellcasting
106896 | Elf:3    | Got a shimmering glass ring
106988 | Elf:3    | Got a slimy granite ring
107555 | Elf:3    | Identified the ring of Cieng {rPois rF- MP-9 Str+3 Dex+4} (You took it off a deep elf high priest on level 3 of the Elven Halls)
107557 | Elf:3    | Identified the ring of the Castellan {rF+ Dex+5} (You took it off a deep elf elementalist on level 3 of the Elven Halls)
107903 | Elf:3    | Got a pitted war axe {chop}
107904 | Elf:3    | Identified the cursed +1 war axe of Nonubuk {chop, *Corrode rF+++ rN+++} (You took it off a deep elf sorcerer on level 3 of the Elven Halls)
108213 | Elf:3    | Reached skill level 15 in Ice Magic
108482 | Elf:3    | Identified Baemel's Catalogue of Summoning
108531 | Elf:3    | Got a smoking garnet amulet
108532 | Elf:3    | Identified the amulet "Dyfyb" {Dismiss Stlth+} (You took it off a deep elf demonologist on level 3 of the Elven Halls)
108575 | Elf:3    | Got a spiked helmet
108576 | Elf:3    | Identified the cursed +0 helmet "Byumaem" {rC+ MR- Int+2 SInv} (You found it on level 3 of the Elven Halls)
108587 | Elf:3    | Gained mutation: You are covered in fur (AC +1). [potion of beneficial mutation]
109162 | Lair:2   | Bought the ring "Bigg" {Wiz +Blink Str+4} for 628 gold pieces
109418 | Elf:3    | Bought the amulet "Cith" {RegenMP MR+ Dex+4} for 714 gold pieces
109745 | D:3      | Fell from the grace of Gozag
109745 | D:3      | Became a worshipper of Vehumet
110907 | Vaults:3 | Found Ydafrak's Weapon Boutique.
111019 | Vaults:3 | Found a staircase to the Crypt.
112218 | Vaults:3 | Reached * piety under Vehumet
112218 | Vaults:3 | Offered knowledge of Magic Dart by Vehumet.
113284 | Vaults:3 | Reached XP level 23. HP: 172/172 MP: 36/47
113404 | Vaults:3 | Offered knowledge of Throw Frost by Vehumet.
113406 | Vaults:3 | Reached ** piety under Vehumet
113514 | Vaults:3 | Killed Xtahua
114281 | Vaults:4 | Offered knowledge of Throw Flame by Vehumet.
114408 | Vaults:4 | Found Ipsuammi's General Store.
114416 | Vaults:4 | Bought a scroll of immolation for 66 gold pieces
114416 | Vaults:4 | Bought a beef jerky for 28 gold pieces
114806 | Vaults:4 | Reached *** piety under Vehumet
115125 | Vaults:4 | Offered knowledge of Ignite Poison by Vehumet.
115901 | Vaults:4 | Learned a level 3 spell: Ozocubu's Armour
115910 | Vaults:5 | Entered Level 5 of the Vaults
115912 | Vaults:5 | Reached **** piety under Vehumet
115913 | Vaults:5 | Offered knowledge of Bolt of Draining by Vehumet.
115920 | Vaults:5 | Shot with a bolt by a yaktaur captain

Skill      XL: |  1  2  3  4  5  6  7  8  9 10 11 12 13 14 15 16 17 18 19 20 21 22 23 |
---------------+----------------------------------------------------------------------+-----
Conjurations   | 1 2 3 4 5 8 10 11 12 13 15 16 17 | 17.0
Air Magic      | 3 4 5 6 |  6.3
Spellcasting   | 2 3 4 5 8 9 10 11 12 14 15 16 17 18 19 20 | 20.6
Fighting       | 4 7 |  7.6
Dodging        | 4 6 |  6.1
Translocations | 5 |  5.0
Shields        | 4 6 9 |  9.0
Ice Magic      | 9 11 12 14 15 16 | 16.2
Fire Magic     | 6 |  6.1
Crossbows      | 4 12 | 12.0
Stealth        | |  1.2

Action                   |  1- 3 |  4- 6 |  7- 9 | 10-12 | 13-15 | 16-18 | 19-21 | 22-24 || total
-------------------------+-------+-------+-------+-------+-------+-------+-------+-------++-------
Melee: Hand axe          |    31 |       |       |       |       |       |       |       ||    31
       Club              |     6 |       |       |       |       |       |       |       ||     6
       Unarmed           |     4 |       |       |       |       |       |       |       ||     4
       Kick              |     3 |     8 |    28 |   132 |   143 |    80 |    37 |     6 ||   437
       Long sword        |    23 |       |       |       |       |       |       |       ||    23
       War axe           |     8 |    34 |     2 |       |       |       |       |       ||    44
       Short sword       |       |    33 |   152 |   133 |       |       |       |       ||   318
       Quarterstaff      |       |       |       |   184 |       |       |       |       ||   184
       Scimitar          |       |       |       |    40 |   354 |   171 |    43 |    14 ||   622
       Morningstar       |       |       |       |       |    25 |       |     5 |       ||    30
       Mace              |       |       |       |       |       |     7 |       |       ||     7
       Hand crossbow     |       |       |       |       |       |     1 |     1 |       ||     2
       Eveningstar       |       |       |       |       |       |       |    30 |       ||    30
 Fire: Hunting sling     |       |       |       |     4 |       |       |       |       ||     4
       Blowgun           |       |       |       |     1 |       |       |       |       ||     1
       Hand crossbow     |       |       |       |       |       |   214 |   886 |   277 ||  1377
Throw: Throwing net      |       |       |       |       |     1 |       |     6 |       ||     7
       Stone             |       |       |       |       |       |       |     2 |       ||     2
 Cast: Shock             |    80 |    67 |   216 |   319 |   870 |   151 |     2 |       ||  1705
       Repel Missiles    |       |     2 |       |     1 |     2 |     2 |     4 |     2 ||    13
       Static Discharge  |       |    12 |    58 |   302 |   897 |   341 |     2 |       ||  1612
       Force Lance       |       |       |       |     9 |    16 |   121 |   356 |   133 ||   635
       Mephitic Cloud    |       |       |       |       |     7 |     2 |     6 |       ||    15
       Lightning Bolt    |       |       |       |       |    24 |     6 |       |       ||    30
       Blink             |       |       |       |       |     1 |    11 |     4 |       ||    16
       Apportation       |       |       |       |       |     1 |    54 |     6 |       ||    61
       Passage of Golubr |       |       |       |       |     1 |       |     1 |       ||     2
       Bolt of Cold      |       |       |       |       |       |   187 |    97 |    83 ||   367
       Bolt of Magma     |       |       |       |       |       |    29 |    11 |       ||    40
       Freezing Cloud    |       |       |       |       |       |   192 |   222 |    86 ||   500
       Bolt of Fire      |       |       |       |       |       |       |    84 |   103 ||   187
       Orb of Destructio |       |       |       |       |       |       |     5 |       ||     5
       Glaciate          |       |       |       |       |       |       |       |    19 ||    19
       Ozocubu's Armour  |       |       |       |       |       |       |       |     1 ||     1
Invok: Call Merchant     |       |       |       |     2 |     3 |     3 |     3 |       ||    11
Evoke: Wand              |       |       |     4 |    13 |    16 |    17 |    10 |     5 ||    65
       Sack of spiders   |       |       |       |    14 |       |       |       |       ||    14
       Deck              |       |       |       |     4 |       |       |       |       ||     4
       Phantom mirror    |       |       |       |     1 |       |       |     2 |       ||     3
       Box of beasts     |       |       |       |       |       |    22 |     3 |       ||    25
       Rod               |       |       |       |       |       |       |     2 |       ||     2
  Use: Scroll            |     7 |     1 |    11 |    13 |    14 |    18 |    24 |    18 ||   106
       Potion            |       |     1 |     4 |    14 |    11 |    10 |    16 |     4 ||    60
 Stab: Paralysed         |       |       |     3 |    15 |       |       |       |       ||    18
       Distracted        |       |       |       |     4 |     6 |     2 |       |       ||    12
       Invisible         |       |       |       |     3 |       |       |     1 |       ||     4
       Sleeping          |       |       |       |     2 |     1 |       |       |       ||     3
  Eat: Chunk             |     7 |     8 |    10 |       |       |       |       |     7 ||    32
       Bread ration      |       |       |     3 |     4 |     6 |     4 |     5 |     4 ||    26
       Pizza             |       |       |     1 |    11 |     2 |     3 |     1 |       ||    18
       Fruit             |       |       |       |    28 |    25 |     4 |     9 |     5 ||    71
       Beef jerky        |       |       |       |     1 |     2 |     5 |     5 |     1 ||    14
       Meat ration       |       |       |       |       |     3 |     7 |     6 |       ||    16
       Royal jelly       |       |       |       |       |     4 |     1 |     1 |       ||     6
Armor: Robe              |    45 |    48 |    44 |   276 |   425 |   249 |   129 |    41 ||  1257
       Leather armour    |       |       |    42 |    77 |       |       |       |       ||   119
       Skin              |       |       |       |    10 |    28 |       |       |       ||    38
Dodge: Dodged            |    45 |    62 |   106 |   561 |   555 |   242 |   143 |    35 ||  1749
       Deflected         |       |     2 |     2 |    18 |    10 |     1 |    14 |    11 ||    58
Block: Buckler           |       |       |       |       |   144 |       |       |       ||   144
       Shield            |       |       |       |       |   716 |   732 |   396 |   123 ||  1967
       Reflection        |       |       |       |       |    30 |   130 |   118 |    45 ||   323
